MLB
MINNESOTA TWINS @ KANSAS CITY ROYALS
09/20/2048
 
TOP OF THE 1ST
Minnesota Twins batting - Pitching for Kansas City Royals : RHP Jimmy Silveira IV
Pitching: RHP Jimmy Silveira IV
Batting: RHB Miguel Diaz 0-0: Ball
1-0: Ball
2-0: Ball
3-0: Base on Balls
Batting: RHB Miguel Gonzalez 0-0: Ball
1-0: Foul Ball, location: 2F
1-1: Ball
2-1: Ball
3-1: Called Strike
3-2: Foul Ball, location: 2F
3-2: SINGLE (Groundball, 6MD, EV 97.5 MPH)
Miguel Diaz to second
Runner from 2nd tries for 3rd, SAFE, throw by CF made to third
Batting: LHB Ricardo Batista 0-0: Ball
1-0: Called Strike
1-1: Grounds into double play, 6-4-3 (Groundball, 6M, EV 103.1 MPH)
Miguel Diaz scores
Batting: RHB Will Leslie 0-0: Foul Ball, location: 2F
0-1: Ball
1-1: Called Strike
1-2: Strikes out swinging
Top of the 1st over - 1 run, 1 hit, 0 errors, 0 left on base; Minnesota 1 - Kansas City 0
BOTTOM OF THE 1ST
Kansas City Royals batting - Pitching for Minnesota Twins : RHP Gerbrand van de Bilt
Pitching: RHP Gerbrand van de Bilt
Batting: SHB Jose Pacheco 0-0: Called Strike
0-1: Ball
1-1: Ball
2-1: Foul Ball, location: 2F
2-2: Foul Ball, location: 2F
2-2: Ball
3-2: Strikes out swinging
Batting: RHB Matt Belgard 0-0: Called Strike
0-1: Called Strike
0-2: Ball
1-2: SINGLE (Line Drive, 8RS, EV 95.0 MPH)
Batting: LHB Mike Meyerhoff 0-0: Called Strike
0-1: Called Strike
0-2: Ball
1-2: Ball
2-2: Foul Ball, location: 2F
2-2: Ball
3-2: Fly out, F9 (Line Drive, 89M, EV 90.0 MPH)
Batting: RHB Mike Jaquez 0-0: Ball
Matt Belgard is caught stealing 2nd base 2-4
Bottom of the 1st over - 0 runs, 1 hit, 0 errors, 0 left on base; Minnesota 1 - Kansas City 0
TOP OF THE 2ND
Minnesota Twins batting - Pitching for Kansas City Royals : RHP Jimmy Silveira IV
Batting: LHB Ryan Flynn Jr. 0-0: Ball
1-0: Foul Ball, location: 2F
1-1: Ball
2-1: Foul Ball, location: 2F
2-2: Ball
3-2: Foul Ball, location: 2F
3-2: Ground out U3 (Groundball, 3S, EV 68.8 MPH)
Batting: LHB Harris Vink 0-0: Called Strike
0-1: Ball
1-1: Swinging Strike
1-2: Foul Ball, location: 2F
1-2: Strikes out swinging
Batting: LHB Chaim Huting 0-0: Swinging Strike
0-1: Ball
1-1: Ball
2-1: Called Strike
2-2: Ball
3-2: Strikes out swinging, 2-3 out at first.
Top of the 2nd over - 0 runs, 0 hits, 0 errors, 0 left on base; Minnesota 1 - Kansas City 0
BOTTOM OF THE 2ND
Kansas City Royals batting - Pitching for Minnesota Twins : RHP Gerbrand van de Bilt
Batting: RHB Mike Jaquez 0-0: Ball
1-0: Foul Ball, location: 2F
1-1: Ball
2-1: Fly out, F8 (Flyball, 78S, EV 92.5 MPH)
Batting: LHB Roman Downey 0-0: Ball
1-0: Ball
2-0: Reached on error, E3 (Groundball, 34S, EV 83.8 MPH)
Batting: SHB Gil Switzer 0-0: Ball
1-0: Foul Ball, location: 2F
1-1: Foul Ball, location: 2F
1-2: Foul Ball, location: 2F
1-2: DOUBLE (Line Drive, 9LM, EV 110.6 MPH)
Roman Downey to third
Batting: LHB Pete Hansel 0-0: Called Strike
0-1: Swinging Strike
0-2: Ball
1-2: Ball
2-2: Ball
3-2: Foul Ball, location: 2F
3-2: Strikes out looking
Batting: LHB Manny Estrada 0-0: Ball
Wild Pitch!
Roman Downey scores
Gil Switzer to third
1-0: Ball
2-0: Ball
3-0: Called Strike
3-1: Foul Ball, location: 2F
3-2: Base on Balls
Batting: RHB Mikolas Markus 0-0: Ball
1-0: Foul Ball, location: 2F
1-1: Ball
2-1: Ball
3-1: Base on Balls
Manny Estrada to second
Batting: SHB Jose Pacheco 0-0: Called Strike
0-1: Foul Ball, location: 2F
0-2: Ball
1-2: Foul Ball, location: 2F
1-2: Ball
2-2: Strikes out swinging
Bottom of the 2nd over - 1 run, 1 hit, 1 error, 3 left on base; Minnesota 1 - Kansas City 1
TOP OF THE 3RD
Minnesota Twins batting - Pitching for Kansas City Royals : RHP Jimmy Silveira IV
Batting: RHB Alex Rodriguez Jr. 0-0: Ground out U3 (Groundball, 34, EV 87.5 MPH)
Batting: RHB José Molina 0-0: Ball
1-0: TRIPLE (Line Drive, 78XD, EV 101.2 MPH)
Batting: RHB Miguel Diaz 0-0: Ground out U3 (Groundball, 23, EV 77.5 MPH)
Batting: RHB Miguel Gonzalez 0-0: Called Strike
0-1: Ball
1-1: Foul Ball, location: 2F
1-2: Ground out 1-3 (Groundball, 13S, EV 64.4 MPH)
Top of the 3rd over - 0 runs, 1 hit, 0 errors, 1 left on base; Minnesota 1 - Kansas City 1
BOTTOM OF THE 3RD
Kansas City Royals batting - Pitching for Minnesota Twins : RHP Gerbrand van de Bilt
Batting: RHB Matt Belgard 0-0: Ball
1-0: Hit by Pitch
Batting: LHB Mike Meyerhoff 0-0: Ball
1-0: Foul Ball, location: 2F
1-1: Ball
2-1: Fielders Choice at 2nd, 5-4 (Groundball, 5L, EV 106.2 MPH)
Batting: RHB Mike Jaquez 0-0: Called Strike
0-1: Ball
1-1: Called Strike
1-2: Strikes out looking
Batting: LHB Roman Downey 0-0: Called Strike
0-1: Ball
1-1: Ball
2-1: Ground out 4-3 (Groundball, 34D, EV 100.0 MPH)
Bottom of the 3rd over - 0 runs, 0 hits, 0 errors, 1 left on base; Minnesota 1 - Kansas City 1
TOP OF THE 4TH
Minnesota Twins batting - Pitching for Kansas City Royals : RHP Jimmy Silveira IV
Batting: LHB Ricardo Batista 0-0: Fly out, F8 (Flyball, 8RS, EV 91.9 MPH)
Batting: RHB Will Leslie 0-0: Ball
1-0: Ground out 5-3 (Groundball, P, EV 85.0 MPH)
Batting: LHB Ryan Flynn Jr. 0-0: Foul Ball, location: 2F
0-1: Ball
1-1: Ball
2-1: Ball
3-1: Base on Balls
Batting: LHB Harris Vink 0-0: SINGLE (Line Drive, 34D, EV 108.1 MPH)
Ryan Flynn Jr. to second
Batting: LHB Chaim Huting 0-0: Ball
1-0: Called Strike
1-1: Fly out, F8 (Flyball, 8RD, EV 101.9 MPH)
Top of the 4th over - 0 runs, 1 hit, 0 errors, 2 left on base; Minnesota 1 - Kansas City 1
BOTTOM OF THE 4TH
Kansas City Royals batting - Pitching for Minnesota Twins : RHP Gerbrand van de Bilt
Batting: SHB Gil Switzer 0-0: Called Strike
0-1: Ball
1-1: Foul Ball, location: 2F
1-2: Strikes out swinging, 2-3 out at first.
Batting: LHB Pete Hansel 0-0: Ball
1-0: Called Strike
1-1: Fly out, F8 (Flyball, 78S, EV 78.1 MPH)
Batting: LHB Manny Estrada 0-0: Called Strike
0-1: Ball
1-1: Ball
2-1: DOUBLE (Flyball, 78XD, EV 91.2 MPH)
Batting: RHB Mikolas Markus 0-0: Ball
1-0: Foul Ball, location: 2F
1-1: Ball
2-1: Ball
3-1: Swinging Strike
3-2: Strikes out swinging
Bottom of the 4th over - 0 runs, 1 hit, 0 errors, 1 left on base; Minnesota 1 - Kansas City 1
TOP OF THE 5TH
Minnesota Twins batting - Pitching for Kansas City Royals : RHP Jimmy Silveira IV
Batting: RHB Alex Rodriguez Jr. 0-0: Called Strike
0-1: Ball
1-1: Swinging Strike
1-2: Strikes out swinging
Batting: RHB José Molina 0-0: Called Strike
0-1: Foul Ball, location: 2F
0-2: Foul Ball, location: 2F
0-2: Ball
1-2: Foul Ball, location: 2F
1-2: Strikes out looking
Batting: RHB Miguel Diaz 0-0: Ball
1-0: Called Strike
1-1: Swinging Strike
1-2: Strikes out swinging
Top of the 5th over - 0 runs, 0 hits, 0 errors, 0 left on base; Minnesota 1 - Kansas City 1
BOTTOM OF THE 5TH
Kansas City Royals batting - Pitching for Minnesota Twins : RHP Gerbrand van de Bilt
Batting: SHB Jose Pacheco 0-0: Ball
1-0: Ball
2-0: Called Strike
2-1: Foul Ball, location: 2F
2-2: Ball
3-2: Foul Ball, location: 2F
3-2: Base on Balls
Batting: RHB Matt Belgard 0-0: Foul Ball, location: 2F
0-1: Foul Ball, location: 2F
0-2: Ball
1-2: Grounds into double play, 6-4-3 (Groundball, 6, EV 82.5 MPH)
Batting: LHB Mike Meyerhoff 0-0: Foul Ball, location: 2F
0-1: Foul Ball, location: 2F
0-2: Fly out, F7 (Flyball, 7S, EV 94.4 MPH)
Bottom of the 5th over - 0 runs, 0 hits, 0 errors, 0 left on base; Minnesota 1 - Kansas City 1
TOP OF THE 6TH
Minnesota Twins batting - Pitching for Kansas City Royals : RHP Jimmy Silveira IV
Batting: RHB Miguel Gonzalez 0-0: Called Strike
0-1: Ball
1-1: Called Strike
1-2: Foul Ball, location: 2F
1-2: Foul Ball, location: 2F
1-2: Foul Ball, location: 2F
1-2: Ball
2-2: SINGLE (Line Drive, 89S, EV 93.8 MPH)
Batting: LHB Ricardo Batista 0-0: Ball
1-0: Called Strike
1-1: TRIPLE (Flyball, 89XD, EV 100.0 MPH)
Miguel Gonzalez scores
Batting: RHB Will Leslie 0-0: Ball
1-0: Ball
2-0: Foul Ball, location: 2F
2-1: Called Strike
2-2: Ball
3-2: Foul Ball, location: 2F
3-2: Foul Ball, location: 2F
3-2: Strikes out swinging
Batting: LHB Ryan Flynn Jr. 0-0: Ground out U3 (Groundball, 3, EV 85.6 MPH)
Batting: LHB Harris Vink 0-0: SINGLE (Line Drive, 89M, EV 85.6 MPH)
Ricardo Batista scores
Batting: LHB Chaim Huting 0-0: Ball
1-0: Ball
2-0: Swinging Strike
2-1: Foul Ball, location: 2F
2-2: Strikes out swinging
Top of the 6th over - 2 runs, 3 hits, 0 errors, 1 left on base; Minnesota 3 - Kansas City 1
BOTTOM OF THE 6TH
Kansas City Royals batting - Pitching for Minnesota Twins : RHP Gerbrand van de Bilt
Pitching: RHP Matt Lundy
Batting: RHB Mike Jaquez 0-0: Foul Ball, location: 2F
0-1: Ball
1-1: Foul Ball, location: 2F
1-2: Foul Ball, location: 2F
1-2: Ball
2-2: Foul Ball, location: 2F
2-2: Ball
3-2: Fly out, F9 (Flyball, 9D, EV 95.0 MPH)
Batting: LHB Roman Downey 0-0: Called Strike
0-1: Called Strike
0-2: Foul Ball, location: 2F
0-2: Ball
1-2: Ball
2-2: SINGLE (Line Drive, 34, EV 108.8 MPH)
Batting: SHB Gil Switzer 0-0: Called Strike
0-1: DOUBLE (Flyball, 8RXD, EV 105.6 MPH)
Roman Downey to third
Batting: LHB Pete Hansel 0-0: Called Strike
0-1: Ball
1-1: SINGLE (Groundball, 56S, EV 65.6 MPH) (infield hit)
Roman Downey scores
Gil Switzer to third
Batting: LHB Manny Estrada 0-0: Ball
1-0: Ball
2-0: Called Strike
2-1: Called Strike
Pete Hansel steals 2nd base
2-2: Foul Ball, location: 2F
2-2: Fly out, F9 (Flyball, 9S, EV 90.0 MPH)
Pitching: LHP Inkei Wakamatsu
Batting: RHB Mikolas Markus 0-0: Ball
1-0: Ball
2-0: DOUBLE (Groundball, 5L, EV 103.1 MPH)
Gil Switzer scores
Pete Hansel scores
Batting: SHB Jose Pacheco 0-0: Fly out, F8 (Flyball, 8LM, EV 77.5 MPH)
Bottom of the 6th over - 3 runs, 4 hits, 0 errors, 1 left on base; Minnesota 3 - Kansas City 4
TOP OF THE 7TH
Minnesota Twins batting - Pitching for Kansas City Royals : RHP Jimmy Silveira IV
Batting: RHB Alex Rodriguez Jr. 0-0: Ball
1-0: Foul Ball, location: 2F
1-1: Ball
2-1: Ground out 5-3 (Groundball, 5S, EV 94.4 MPH)
Batting: RHB José Molina 0-0: Called Strike
0-1: Ground out 5-3 (Groundball, 56S, EV 63.1 MPH)
Batting: RHB Miguel Diaz 0-0: Foul Ball, location: 2F
0-1: Ball
1-1: Ball
2-1: Foul Ball, location: 2F
2-2: Ball
3-2: Strikes out swinging
Top of the 7th over - 0 runs, 0 hits, 0 errors, 0 left on base; Minnesota 3 - Kansas City 4
BOTTOM OF THE 7TH
Kansas City Royals batting - Pitching for Minnesota Twins : LHP Inkei Wakamatsu
Batting: RHB Matt Belgard 0-0: Foul Ball, location: 2F
0-1: SINGLE (Groundball, 56S, EV 68.8 MPH) (infield hit)
Batting: LHB Mike Meyerhoff 0-0: Ball
1-0: Ball
2-0: Called Strike
2-1: Fly out, F7 (Flyball, 7, EV 87.5 MPH)
Batting: RHB Mike Jaquez 0-0: Called Strike
Matt Belgard is caught stealing 2nd base 2-4
0-1: Foul Ball, location: 2F
0-2: Ball
1-2: Ball
2-2: Ball
3-2: Strikes out swinging
Bottom of the 7th over - 0 runs, 1 hit, 0 errors, 0 left on base; Minnesota 3 - Kansas City 4
TOP OF THE 8TH
Minnesota Twins batting - Pitching for Kansas City Royals : RHP Jimmy Silveira IV
Pitching: RHP David Silva
Batting: RHB Miguel Gonzalez 0-0: Called Strike
0-1: Swinging Strike
0-2: Foul Ball, location: 2F
0-2: Ball
1-2: Ball
2-2: Ball
3-2: Fly out, F9 (Flyball, 9S, EV 91.2 MPH)
Batting: LHB Ricardo Batista 0-0: Called Strike
0-1: Ball
1-1: Called Strike
1-2: SINGLE (Groundball, 4MD, EV 104.4 MPH)
Pinch Runner at 1st Alex Sandoval:
Batting: RHB Will Leslie 0-0: Ball
1-0: Called Strike
1-1: Foul Ball, location: 2F
1-2: Strikes out swinging
Batting: LHB Ryan Flynn Jr. 0-0: Foul Ball, location: 2F
0-1: Ball
1-1: Swinging Strike
Pickoff Throw to First - Out! 1-3
Top of the 8th over - 0 runs, 1 hit, 0 errors, 0 left on base; Minnesota 3 - Kansas City 4
BOTTOM OF THE 8TH
Kansas City Royals batting - Pitching for Minnesota Twins : LHP Inkei Wakamatsu
Pitching: RHP Bryce Schimmoeller
Now at 1B: Alex Rodriguez Jr.
Now at SS: Alex Sandoval
Batting: LHB Roman Downey 0-0: Ball
1-0: Ball
2-0: Ball
3-0: Called Strike
3-1: Ground out 1-3 (Groundball, 25, EV 70.0 MPH)
Batting: SHB Gil Switzer 0-0: Ball
1-0: Called Strike
1-1: Ball
2-1: Called Strike
2-2: Foul Ball, location: 2F
2-2: Ball
3-2: Strikes out looking
Batting: LHB Pete Hansel 0-0: Foul Ball, location: 2F
0-1: Foul Ball, location: 2F
0-2: Foul Ball, location: 2F
0-2: Foul Ball, location: 2F
0-2: Ground out 5-3 (Groundball, 56, EV 104.4 MPH)
Bottom of the 8th over - 0 runs, 0 hits, 0 errors, 0 left on base; Minnesota 3 - Kansas City 4
TOP OF THE 9TH
Minnesota Twins batting - Pitching for Kansas City Royals : RHP David Silva
Pitching: RHP Asa Hahn
Batting: LHB Ryan Flynn Jr. 0-0: Called Strike
0-1: Swinging Strike
0-2: Strikes out swinging
Batting: LHB Harris Vink 0-0: Foul Ball, location: 2F
0-1: Ball
1-1: Foul Ball, location: 2F
1-2: Ball
2-2: Strikes out swinging
Pinch Hitting: RHB Greg Harman 0-0: Ground out 5-3 (Groundball, 5L, EV 80.6 MPH)
Top of the 9th over - 0 runs, 0 hits, 0 errors, 0 left on base; Minnesota 3 - Kansas City 4
Tuesday, March 28th , 2023 - OOTP Baseball 23.10 Build 110